 Dungeon Crawl Stone Soup version 0.27-a0-1365-ge71e8f7681 (webtiles) character file.

Game seed: 9342967630494799120

86 Conn the Firebug (level 4, -5/27 HPs)
             Began as an Octopode Fire Elementalist on June 28, 2021.
             Slain by an ogre (32 damage)
             ... on level 3 of the Dungeon.
             The game lasted 00:04:00 (2936 turns).

Conn the Firebug (Octopode Fire Elementalist)       Turns: 2936, Time: 00:04:02

Health: -5/27      AC:  1    Str:  7    XL:     4   Next: 49%
Magic:  0/8        EV: 13    Int: 18    God:
Gold:   62         SH:  0    Dex: 12    Spells: 1/8 levels left

rFire    . . .     SeeInvis .   f - +0 short sword
rCold    . . .     Faith    .   (no shield)
rNeg     . . .     Spirit   .   (helmet restricted)
rPois    .         Reflect  .   (no amulet)
rElec    .         Harm     .   (no ring)
rCorr    .         Rampage  .   (no ring)
Will     .....                  (no ring)
Stlth    +++.......             (no ring)
HPRegen  0.09/turn              (no ring)
MPRegen  0.11/turn              (no ring)
                                (no ring)
                                (no ring)

@: no status effects
A: almost no armour, amphibious, 8 rings, camouflage 1, gelatinous body 1,
(nimble swimmer 1), tentacles
a: no special abilities


You were on level 3 of the Dungeon.
You visited 1 branch of the dungeon, and saw 3 of its levels.

You collected 62 gold pieces.

Inventory:

Hand Weapons
 c - a +0 dagger
 f - a +0 short sword (weapon)
Missiles
 n - 9 poisoned darts
Armour
 m - a +0 kite shield
Scrolls
 b - a scroll of silence {unknown}
 d - a scroll of enchant armour {unknown}
 e - a scroll of teleportation {unknown}
 g - 2 scrolls of immolation
 h - a scroll of noise {unknown}
 l - a scroll of identify {unknown}
Potions
 a - a potion of lignification {unknown}
 i - a potion of brilliance {unknown}
 j - a potion of haste {unknown}
 k - a potion of mutation {unknown}


   Skills:
 + Level 0.2 Fighting
 + Level 2.2 Dodging
 + Level 3.0 Stealth
 + Level 2.8 Spellcasting
 + Level 1.7 Conjurations
 * Level 4.0 Fire Magic


You had one spell level left.
You knew the following spells:

 Your Spells              Type           Power      Damage    Failure   Level
a - Foxfire               Conj/Fire      52%        2x1d6     4%          1
b - Conjure Flame         Conj/Fire      13%        6-21      16%         3
c - Inner Flame           Hex/Fire       9%         N/A       22%         3

Your spell library contained the following spells:

 Spells                   Type           Power      Damage    Failure   Level
 Sticky Flame             Conj/Fire      13%        2d4       45%         4
 Fireball                 Conj/Fire      6%         3d5       80%         5


Dungeon Overview and Level Annotations

Branches:
Dungeon (3/15)

Altars:


Innate Abilities, Weirdness & Mutations

You cannot wear most types of armour.
You are amphibious.
You can wear up to eight rings at the same time.
Your skin changes colour to match your surroundings (Stealth+).
Your rubbery body absorbs attacks. (AC +1, EV +1)
((You are camouflaged near water. (Stealth+)))
You have tentacles for arms and can constrict up to eight enemies at once.


Message History

The spell is quite dangerous to cast (16% risk of failure)!
Continue anyway?
The fire begins to smoulder!
The fire ignites!
Found a ring mail.
Casting: Conjure Flame (quite dangerous; 16% risk of failure)
Confirm with . or Enter, or press ? or * to list all spells.
You conjure some foxfire!
Casting: Foxfire (safe; 4% risk of failure)
Confirm with . or Enter, or press ? or * to list all spells.
You conjure some foxfire!
The foxfire hits the ogre.
The ogre is lightly wounded.
Your foxfire dissipates!
The foxfire hits the ogre.
The ogre is moderately wounded.
The foxfire hits the ogre.
The ogre is moderately wounded.
Casting: Foxfire (safe; 4% risk of failure)
Confirm with . or Enter, or press ? or * to list all spells.
You conjure some foxfire!
The foxfire hits the ogre.
The ogre is heavily wounded.
The foxfire hits the ogre.
The ogre is heavily wounded.
Casting: Foxfire (safe; 4% risk of failure)
Confirm with . or Enter, or press ? or * to list all spells.
You conjure some foxfire!
The foxfire hits the ogre.
The ogre is severely wounded.
The foxfire hits the ogre.
The ogre is almost dead.
Casting: Foxfire (safe; 4% risk of failure)
Confirm with . or Enter, or press ? or * to list all spells.
You conjure some foxfire!
The foxfire hits the ogre.
The ogre is almost dead.
The foxfire hits the ogre but does no damage.
The ogre is almost dead.
The ogre hits you with a +0 giant club!!
Ouch! That really hurt!
You die...

.......# #.....
.. #....# /.
#....# ##.
#....### #..
#......# #.#####
#<...#.####.##..#
#....#...##.##.§#
#....###.....O@§#
#######.....###.#
#..##..# ...
#.###......#[..
##.# #...##.#.###
#..# O..## .# #
#..#.....# ..
....# .#..... .#
...... .# ###.


You could see an ogre.

Vanquished Creatures
  Jessica (D:2)
  An adder (D:2)
  2 worms
  A dart slug (D:2)
  5 endoplasms
  2 giant cockroaches (D:1)
  2 hobgoblins (D:1)
  7 jackals (D:2)
  3 ball pythons
  4 bats
  3 frilled lizards
  3 goblins
  4 kobolds
  5 rats
43 creatures vanquished.

Vanquished Creatures (others)
  178 foxfires
  5 fungi (D:2)
  11 plants (D:2)
194 creatures vanquished.

Grand Total: 237 creatures vanquished

Notes
Turn   | Place    | Note
-------+----------+-------------------------------------------
     0 | D:1      | Conn the Octopode Fire Elementalist began the quest for the
                  | Orb.
     0 | D:1      | Reached XP level 1. HP: 11/11 MP: 3/3
   523 | D:1      | Reached XP level 2. HP: 17/17 MP: 1/5
  1365 | D:2      | Noticed Jessica
  1380 | D:2      | Killed Jessica
  1381 | D:2      | Reached XP level 3. HP: 6/21 MP: 1/6
  1872 | D:2      | Learned a level 3 spell: Conjure Flame
  1931 | D:2      | Reached XP level 4. HP: 8/27 MP: 3/7
  2570 | D:2      | Reached skill level 4 in Fire Magic
  2682 | D:2      | Found a faded altar of an unknown god.
  2835 | D:3      | Learned a level 3 spell: Inner Flame
  2912 | D:3      | Noticed an ogre
  2936 | D:3      | Slain by an ogre

Illustrated notes

Levels and vault maps discovered:
D:1:      noname_arrival_rooms_in_the_neighbourhood, layout_rooms,
          serial_corexii_hall, chequers_hall_statues_wall_a,
          chequers_hall_statues_y, minmay_splitting_lines,
          minmay_misc_feat_rugged
D:2:      layout_rooms, shapermc_ecumenical_altar_mp_ritualfount, uniq_jessica
D:3:      layout_rooms, nicolae_overflow_hidden_temple,
          cheibrodos_ashenzari_chains, okawaru_trees_1, uniq_sigmund

Skill      XL: |  1  2  3  4 |
---------------+-------------+-----
Fire Magic     | 4 |  4.0
Stealth        | 3 |  3.0
Fighting       | |  0.2
Dodging        | |  2.2
Spellcasting   | |  2.8
Conjurations   | |  1.7

Action                   |  1- 3 |  4- 6 || total
-------------------------+-------+-------++-------
Melee: Unarmed           |     9 |       ||     9
       Constrict         |     3 |       ||     3
       Dagger            |     2 |       ||     2
       Short sword       |     2 |       ||     2
 Cast: Foxfire           |    60 |    40 ||   100
       Conjure Flame     |       |     1 ||     1
  Use: Scroll            |     1 |     1 ||     2
Armor: Skin              |     4 |     1 ||     5
Dodge: Dodged            |    27 |     2 ||    29

Table legend: (Time is in decaauts)
 A = Elapsed time spent in this place.
 B = Non-inter-level travel time spent in this place.
 C = Inter-level travel time spent in this place.
 D = Time resting spent in this place.
 E = Time spent auto-exploring this place.
 F = Levels seen in this place.
 G = Mean time per level.
                   A        B        C        D        E       F      G
               +--------+--------+--------+--------+--------+-----+--------+
         Total |   2935 |   2888 |     47 |    226 |   2183 |   3 |  978.3 |
       Dungeon |   2935 |   2888 |     47 |    226 |   2183 |   3 |  978.3 |
               +--------+--------+--------+--------+--------+-----+--------+

Top non-repeatable levels by time:
     D:2: 1529 daAuts
     D:1: 1300 daAuts
     D:3: 105 daAuts
